 Dungeon Crawl Stone Soup version 0.29.1-15-g9cfb28693d (webtiles) character file.

Game seed: 9864306653092201605

10491 jtron the Carver (level 11, -6/84 HPs)
             Began as a Gnoll Wanderer on Mar 20, 2023.
             Was a High Priest of Okawaru.
             Shot with an arrow by a centaur warrior (10 damage)
             ... on level 9 of the Dungeon.
             The game lasted 00:19:45 (9678 turns).

jtron the Carver (Gnoll Wanderer)                   Turns: 9678, Time: 00:19:45

Health: -6/84      AC: 12    Str:  9    XL:     11   Next: 62%
Magic:  19/22      EV: 19    Int: 10    God:    Okawaru [*****.]
Gold:   1565       SH: 15    Dex: 20    Spells: 20/24 levels left

rFire   . . .      SeeInvis .   a - +7 scimitar (elec)
rCold   . . .      Faith    .   u - +2 kite shield of Wagos {Fly}
rNeg    . . .      Spirit   .   d - +1 robe
rPois   +          Reflect  .   P - +2 hat {Will+}
rElec   .          Harm     .   Q - +2 cloak {rCorr}
rCorr   +          Rampage  .   o - +1 pair of gloves
Will    +....                   (no boots)
Stlth   +++++.....              (no amulet)
HPRegen 0.24/turn               m - +4 ring of slaying
MPRegen 0.18/turn               x - ring of poison resistance

@: sluggish, heroic, flying, very slow
A: fangs 1, strong nose, distributed training
a: Renounce Religion, Heroism, Finesse, Duel


You were on level 9 of the Dungeon.
You worshipped Okawaru.
Okawaru was extremely pleased with you.
You visited 2 branches of the dungeon, and saw 10 of its levels.

You collected 1669 gold pieces.
You spent 104 gold pieces at shops.

Inventory:

Hand Weapons
 a - a +7 scimitar of electrocution (weapon)
 b - a +0 sling
 z - a +2 falchion
 E - the +1 trident "Beh Yjig" {drain, Dex+3}
   (You found it on level 6 of the Dungeon)

   A truly terrible weapon, it drains the life of any living foe it strikes.
   Dex:       It affects your dexterity (+3).
Missiles
 k - 17 poisoned darts
 r - 60 stones
 F - 3 datura-tipped darts
 O - 3 javelins (quivered)
Armour
 d - a +1 robe (worn)
 o - a +1 pair of gloves (worn)
 u - the +2 kite shield of Wagos (worn) {Fly}
   (You found it on level 4 of the Dungeon)

   Fly:       It grants you flight.
 P - a +2 hat of willpower (worn)
 Q - a +2 cloak of preservation (worn)
Jewellery
 g - a ring of magical power
 m - a +4 ring of slaying (left hand)
 x - a ring of poison resistance (right hand)
 L - a ring of resist corrosion
 S - a ring of see invisible
Wands
 y - a wand of polymorph (9)
 B - a wand of quicksilver (5)
 H - a wand of flame (10)
 I - a wand of roots (26)
Scrolls
 c - 2 scrolls of immolation
 e - a scroll of noise
 h - 4 scrolls of amnesia
 j - a scroll of silence
 p - 5 scrolls of teleportation
 w - 2 scrolls of magic mapping {unknown}
 A - a scroll of enchant armour
 J - a scroll of butterflies {unknown}
 K - a scroll of blinking {unknown}
 M - a scroll of torment {unknown}
 N - a scroll of summoning {unknown}
Potions
 f - 2 potions of mutation
 l - a potion of brilliance {unknown}
 n - a potion of magic
 q - a potion of cancellation
 s - 2 potions of invisibility
 t - a potion of might
 v - a potion of flight {unknown}
 C - 2 potions of lignification
 D - a potion of attraction {unknown}
 G - 3 potions of curing
 R - a potion of resistance {unknown}


   Skills:
 + Level 7.2(12.2) Fighting
 + Level 6.7(11.7) Short Blades
 + Level 10.9(15.9) Long Blades
 + Level 6.7(11.7) Axes
 + Level 6.7(11.7) Maces & Flails
 + Level 6.7(11.7) Polearms
 + Level 6.7(11.7) Staves
 + Level 6.7(11.7) Ranged Weapons
 + Level 6.7(11.7) Throwing
 + Level 6.7(11.7) Armour
 + Level 6.7(11.7) Dodging
 + Level 6.7(11.7) Stealth
 + Level 7.2(12.2) Shields
 + Level 6.7(11.7) Unarmed Combat
 + Level 7.3 Spellcasting
 + Level 5.5 Conjurations
 + Level 5.5 Hexes
 + Level 5.5 Summonings
 + Level 5.5 Necromancy
 + Level 5.5 Translocations
 + Level 5.5 Transmutations
 + Level 5.5 Fire Magic
 + Level 5.5 Ice Magic
 + Level 7.9 Air Magic
 + Level 5.5 Earth Magic
 + Level 5.5 Poison Magic
 + Level 7.3 Invocations
 + Level 6.7 Evocations


You had 20 spell levels left.
You knew the following spells:

 Your Spells              Type           Power      Damage    Failure   Level
a - Shock                 Conj/Air       68%        1d7       2%          1
b - Swiftness             Air            19%        N/A       4%          3

Your spell library contained the following spells:

 Spells                   Type           Power      Damage    Failure   Level


Dungeon Overview and Level Annotations

Branches:
Dungeon (9/15)             Temple (1/1) D:5
   Lair: D:8-11         Orc: D:9-12

Altars:
Ashenzari
Dithmenos
Elyvilon
Fedhas
Gozag
Hepliaklqana
Makhleb
Nemelex Xobeh
Okawaru
Qazlal
Ru
Sif Muna
Vehumet
Yredelemnul
Zin
The Shining One

Shops:
D:6 (   D:8 *

Annotations:
D:6 3 runed translucent doors, BuddhaDhamma's ghost, novice MiBe


Innate Abilities, Weirdness & Mutations

You have very sharp teeth.
Your uncanny sense of smell can sniff out nearby items.
Your experience applies equally to all skills.


Message History

The centaur warrior shoots an arrow.
You block the arrow.
The gnoll sergeant hits you from afar with a +0 spear!
* * * LOW HITPOINT WARNING * * *
Aiming: Quicksilver Bolt
Press: ? - help, Shift-Dir - straight line, f - acid dragon
Aim: an acid dragon (almost dead, 74% to hit)
The bolt of dispelling energy hits the acid dragon!!
You kill the acid dragon!
Okawaru accepts your kill.
The acid dragon scales are intact enough to wear.
The bolt of dispelling energy hits the centaur warrior!!
The centaur warrior is severely wounded.
The bolt of dispelling energy misses the centaur.
You are no longer corroded.
The gnoll sergeant hits you from afar with a +0 spear!
* * * LOW HITPOINT WARNING * * *
Aiming: Quicksilver Bolt
Press: ? - help, Shift-Dir - straight line, f - gnoll sergeant
Aim: a gnoll sergeant, wielding a +0 spear of flaming and wearing a +0 scale mail (81% to hit)
The bolt of dispelling energy hits the centaur warrior!
The centaur warrior is almost dead.
The bolt of dispelling energy misses the centaur.
The bolt of dispelling energy hits the gnoll sergeant!
The gnoll sergeant is heavily wounded.
The centaur warrior unwields a +3 shortbow of flaming.
It stops flaming.
You block the centaur warrior's attack.
The centaur warrior kicks you but does no damage.
The gnoll sergeant hits you from afar with a +0 spear.
* * * LOW HITPOINT WARNING * * *
The kobold brigand throws a poisoned dart.
The poisoned dart closely misses you.
The centaur shoots an arrow.
The arrow misses you.
You block the centaur warrior's attack. x2
The centaur warrior hits you but does no damage.
The centaur warrior misses you.
The centaur warrior attacks as you move away!
The centaur warrior misses you. You block the centaur warrior's attack.
The centaur warrior wields a +3 shortbow of flaming.
It bursts into flame!
The centaur warrior shoots an arrow.
The arrow hits you!
You die...

∆ ∆ #).##...#... ∆#
###.#.#..##... +. ∆
+.....'.###... ∆#.#∆∆
#.#.###....... ... ∆
∆##..# #....... ###'#####+
###+###....... #.....#..#
#.....#.......
#....K#c###.#.....#..##...
+....cg..@..+.....+.###...
#....g#†###.#.....#.......
#.....#..#..#.....#.......
###+#####†#####'###.......
..........................
#..)....#.....#...........
#.......'....##......##...
........#....##########...
........#....'....... ....


You could see a centaur warrior, a kobold brigand, 2 gnoll sergeants and a
centaur.

Vanquished Creatures
  Gastronok (D:8)
  A two-headed ogre (D:8)
  2 centaur warriors (D:8)
  2 ugly things (D:9)
  2 manticores
  Maurice (D:8)
  Joseph (D:7)
  A meliai (shapeshifter) (D:9)
  A hornet (D:8)
  Sigmund (D:3)
  2 shadows
  3 yaks (D:9)
  Eustachio (D:5)
  2 vampire mosquitoes (D:6)
  An acid dragon (D:9)
  3 water moccasins
  Duvessa (D:7)
  2 orc warriors
  An ice beast (D:8)
  2 sky beasts (D:7)
  A black bear (D:6)
  2 ogres (D:5)
  2 centaurs
  A phantom (D:7)
  3 bullfrogs
  A kobold brigand (D:8)
  A necrophage (D:7)
  2 gnoll sergeants
  Blork the orc (D:5)
  6 scorpions
  5 wights (D:8)
  Dowan (D:7)
  6 killer bees (D:8)
  3 orc priests
  2 gnoll boudas
  5 hounds
  A jelly (D:5)
  Jessica (D:3)
  4 iguanas
  5 orc wizards
  Robin (D:4)
  10 gnolls
  9 adders
  A white imp (D:8)
  2 worms
  2 dart slugs (D:1)
  16 orcs
  11 endoplasms
  5 giant cockroaches
  14 goblins
  10 hobgoblins
  A jackal (D:1)
  7 quokkas
  8 ball pythons
  3 bats
  7 frilled lizards
  11 kobolds
  4 rats
  A spectral hobgoblin (D:7)
207 creatures vanquished.

Vanquished Creatures (others)
  A plant (D:6)
1 creature vanquished.

Grand Total: 208 creatures vanquished

Notes
Turn   | Place    | Note
-------+----------+-------------------------------------------
     0 | D:1      | jtron the Gnoll Wanderer began the quest for the Orb.
     0 | D:1      | jtron set off with the following items: a +2 falchion, a +0
                  | buckler, a potion of berserk rage, a +0 robe; and the
                  | following spell memorised: Shock; and the following spells
                  | available to memorise: Swiftness.
     0 | D:1      | Reached XP level 1. HP: 17/17 MP: 4/4
    63 | D:1      | Reached XP level 2. HP: 15/23 MP: 5/5
   614 | D:1      | Reached XP level 3. HP: 27/28 MP: 7/7
   777 | D:1      | Found a faded altar of an unknown god.
  1056 | D:1      | Reached skill level 1 in Invocations
  1493 | D:2      | Reached skill level 1 in Short Blades
  1493 | D:2      | Reached skill level 1 in Axes
  1493 | D:2      | Reached skill level 1 in Maces & Flails
  1493 | D:2      | Reached skill level 1 in Polearms
  1493 | D:2      | Reached skill level 1 in Staves
  1493 | D:2      | Reached skill level 1 in Ranged Weapons
  1493 | D:2      | Reached skill level 1 in Throwing
  1493 | D:2      | Reached skill level 1 in Armour
  1493 | D:2      | Reached skill level 1 in Dodging
  1493 | D:2      | Reached skill level 1 in Stealth
  1493 | D:2      | Reached skill level 1 in Unarmed Combat
  1493 | D:2      | Reached skill level 1 in Evocations
  1551 | D:2      | Identified the +0 robe "Ygyoqeatt" {Will+}
  1812 | D:2      | Reached XP level 4. HP: 22/34 MP: 8/8
  2282 | D:2      | Reached skill level 1 in Conjurations
  2282 | D:2      | Reached skill level 1 in Hexes
  2282 | D:2      | Reached skill level 1 in Summonings
  2282 | D:2      | Reached skill level 1 in Necromancy
  2282 | D:2      | Reached skill level 1 in Translocations
  2282 | D:2      | Reached skill level 1 in Transmutations
  2282 | D:2      | Reached skill level 1 in Fire Magic
  2282 | D:2      | Reached skill level 1 in Ice Magic
  2282 | D:2      | Reached skill level 1 in Earth Magic
  2282 | D:2      | Reached skill level 1 in Poison Magic
  2644 | D:3      | Noticed Sigmund
  2729 | D:3      | Reached XP level 5. HP: 30/40 MP: 9/9
  2868 | D:3      | Killed Sigmund
  2869 | D:3      | Reached XP level 6. HP: 30/47 MP: 4/11
  3053 | D:3      | Identified a scroll of acquirement
  3058 | D:3      | Acquired 406 gold pieces
  3203 | D:3      | Noticed Jessica
  3213 | D:3      | Killed Jessica
  3581 | D:4      | Identified the +2 kite shield of Wagos {Fly}
  3782 | D:4      | Reached XP level 7. HP: 28/52 MP: 12/12
  4132 | D:4      | Noticed Robin
  4150 | D:4      | Killed Robin
  4658 | D:5      | Entered Level 5 of the Dungeon
  4675 | D:5      | Reached skill level 9 in Long Blades
  4953 | D:5      | Found a staircase to the Ecumenical Temple.
  4963 | Temple   | Entered the Ecumenical Temple
  4970 | Temple   | Became a worshipper of Warmaster Okawaru
  5115 | D:5      | Reached XP level 8. HP: 60/60 MP: 14/14
  5186 | D:5      | Noticed Blork the orc
  5194 | D:5      | Killed Blork the orc
  5413 | D:5      | Found a sparkling altar of Nemelex Xobeh.
  5494 | D:5      | Noticed Eustachio
  5507 | D:5      | Killed Eustachio
  5507 | D:5      | Reached * piety under Okawaru
  5787 | D:6      | Found a runed translucent gate.
  5787 | D:6      | Found a runed translucent gate.
  5788 | D:6      | Found a runed translucent gate.
  5788 | D:6      | Noticed BuddhaDhamma's ghost (novice MiBe)
  5791 | D:6      | Identified the +1 trident "Beh Yjig" {drain, Dex+3}
  5884 | D:6      | Found Deuxt's Hydra Hut.
  5887 | D:6      | Noticed a four-headed hydra
  5919 | D:6      | Found a glowing golden altar of the Shining One.
  5920 | D:6      | Found a basalt altar of Yredelemnul.
  5922 | D:6      | Found a stormy altar of Qazlal.
  6078 | D:6      | Reached XP level 9. HP: 39/66 MP: 16/16
  6305 | D:6      | Reached skill level 5 in Spellcasting
  6439 | D:7      | Reached ** piety under Okawaru
  6444 | D:7      | Reached skill level 5 in Fighting
  6444 | D:7      | Reached skill level 5 in Shields
  6670 | D:7      | Noticed Prince Ribbit
  6672 | D:7      | Noticed Prince Ribbit
  6672 | D:7      | Prince Ribbit changed into Prince Ribbit the water moccasin
  6678 | D:7      | Killed Prince Ribbit the water moccasin
  6689 | D:7      | Reached skill level 5 in Invocations
  6849 | D:7      | Noticed Joseph
  6863 | D:7      | Killed Joseph
  6863 | D:7      | Reached *** piety under Okawaru
  7073 | D:7      | Learned a level 3 spell: Swiftness
  7154 | D:7      | Noticed Duvessa
  7154 | D:7      | Noticed Dowan
  7166 | D:7      | Killed Duvessa
  7167 | D:7      | Killed Dowan
  7205 | D:7      | Found a hazy altar of Hepliaklqana.
  7261 | D:7      | Reached skill level 5 in Short Blades
  7261 | D:7      | Reached skill level 5 in Axes
  7261 | D:7      | Reached skill level 5 in Maces & Flails
  7261 | D:7      | Reached skill level 5 in Polearms
  7261 | D:7      | Reached skill level 5 in Staves
  7261 | D:7      | Reached skill level 5 in Ranged Weapons
  7261 | D:7      | Reached skill level 5 in Throwing
  7261 | D:7      | Reached skill level 5 in Armour
  7261 | D:7      | Reached skill level 5 in Dodging
  7261 | D:7      | Reached skill level 5 in Stealth
  7261 | D:7      | Reached skill level 5 in Unarmed Combat
  7261 | D:7      | Reached skill level 5 in Evocations
  7261 | D:7      | Reached XP level 10. HP: 76/76 MP: 18/18
  7478 | D:8      | Reached skill level 10 in Long Blades
  7833 | D:8      | Noticed Gastronok
  7852 | D:8      | Killed Gastronok
  7852 | D:8      | Reached **** piety under Okawaru
  7852 | D:8      | Received a gift from Okawaru
  7899 | D:8      | Noticed Maurice
  7916 | D:8      | Killed Maurice
  8245 | D:8      | Found a shimmering blue altar of Sif Muna.
  8341 | D:8      | Found a radiant altar of Vehumet.
  8376 | D:8      | Noticed a two-headed ogre
  8600 | D:8      | Found Konelau's Assorted Antiques.
  8605 | D:8      | Bought a scroll of identify for 52 gold pieces
  8605 | D:8      | Acquired 756 gold pieces
  8607 | D:8      | Bought a scroll labelled WAOGIBEESCHI for 26 gold pieces
  8607 | D:8      | Bought a scroll labelled JUECOEFRUI for 26 gold pieces
  8687 | D:8      | Killed a two-headed ogre
  8688 | D:8      | Reached skill level 5 in Conjurations
  8688 | D:8      | Reached skill level 5 in Hexes
  8688 | D:8      | Reached skill level 5 in Summonings
  8688 | D:8      | Reached skill level 5 in Necromancy
  8688 | D:8      | Reached skill level 5 in Translocations
  8688 | D:8      | Reached skill level 5 in Transmutations
  8688 | D:8      | Reached skill level 5 in Fire Magic
  8688 | D:8      | Reached skill level 5 in Ice Magic
  8688 | D:8      | Reached skill level 5 in Earth Magic
  8688 | D:8      | Reached skill level 5 in Poison Magic
  8778 | D:8      | Noticed a centaur warrior
  8779 | D:8      | Noticed a centaur warrior
  8791 | D:8      | Noticed a manticore
  8794 | D:8      | Killed a centaur warrior
  8794 | D:8      | Reached ***** piety under Okawaru
  8795 | D:8      | Reached XP level 11. HP: 80/83 MP: 21/21
  8812 | D:8      | Killed a manticore
  8826 | D:8      | Killed a centaur warrior
  8962 | D:8      | Received a gift from Okawaru
  9298 | D:9      | Noticed a manticore
  9298 | D:9      | Noticed a white ugly thing
  9309 | D:9      | Killed a manticore
  9313 | D:9      | Killed a white ugly thing
  9657 | D:9      | Noticed a green ugly thing
  9658 | D:9      | Noticed a centaur warrior
  9674 | D:9      | Killed a green ugly thing
  9676 | D:9      | HP: 3/84 [gnoll sergeant/+0 spear (3)]
  9678 | D:9      | Shot with an arrow by a centaur warrior

Illustrated notes

Levels and vault maps discovered:
D:1:      reono_arrival_forest_river, layout_basic,
          nicolae_ecumenical_lake_church, minmay_pentomino_z4
D:2:      layout_basic
D:3:      layout_rooms, moated_statue, nrook_mini_backslash,
          chequers_serial_rivers_room_b, uniq_jessica, uniq_sigmund
D:4:      kennysheep_big_flooded_room, layout_layer_cave, uniq_robin
D:5:      layout_loops_cross, mainiacjoe_overflow_concentric_impassable,
          temple_pool_b, uniq_eustachio, uniq_blork_the_orc
D:6:      layout_rooms, chequers_temple_overflow_statue_of_worship,
          ebering_ghost_rock_garden, doesnt_shop_hydraphobe
D:7:      layout_loops_cross, nicolae_hepliaklqana_monster_ancestors,
          uniq_duvessa, uniq_joseph, uniq_prince_ribbit1
D:8:      minmay_chambers_of_sixes, layout_gridville, led_sif_pool,
          lemuel_tele_altar, serial_shops, kennysheep_little_box, uniq_maurice,
          uniq_gastronok
D:9:      minmay_the_grid_square_5x5_4x4
          [minmay_the_grid_square_5x5_three_small,
          minmay_the_grid_square_5x5_moneybag,
          minmay_the_grid_square_5x5_hollow_slash,
          minmay_the_grid_square_5x5_minimal,
          minmay_the_grid_square_5x5_dogpile,
          minmay_the_grid_square_5x5_prize_pseudospiral,
          minmay_the_grid_square_5x5_prize_rear_guard,
          minmay_the_grid_square_5x5_one_wall,
          minmay_the_grid_square_5x5_bracketed,
          minmay_the_grid_square_5x5_prize_waves,
          minmay_the_grid_square_5x5_prize_open,
          minmay_the_grid_square_5x5_three, minmay_the_grid_square_5x5_empty,
          minmay_the_grid_square_5x5_hourglass,
          minmay_the_grid_square_5x5_seven, minmay_the_grid_square_5x5_forky],
          layout_gridville, tgw_xom
Temple:   nicolae_temple_x_marks_the_god

Skill      XL: |  1  2  3  4  5  6  7  8  9 10 11 |
---------------+----------------------------------+-----
Invocations    | 1 2 3 4 5 6 7 |  7.3
Short Blades   | 1 2 3 5 6 |  6.7
Axes           | 1 2 3 5 6 |  6.7
Maces & Flails | 1 2 3 5 6 |  6.7
Polearms       | 1 2 3 5 6 |  6.7
Staves         | 1 2 3 5 6 |  6.7
Ranged Weapons | 1 2 3 5 6 |  6.7
Throwing       | 1 2 3 5 6 |  6.7
Armour         | 1 2 3 5 6 |  6.7
Dodging        | 1 2 3 5 6 |  6.7
Stealth        | 1 2 3 5 6 |  6.7
Unarmed Combat | 1 2 3 5 6 |  6.7
Evocations     | 1 2 3 5 6 |  6.7
Spellcasting   | 3 4 5 6 7 |  7.3
Conjurations   | 1 2 3 4 5 |  5.5
Hexes          | 1 2 3 4 5 |  5.5
Summonings     | 1 2 3 4 5 |  5.5
Necromancy     | 1 2 3 4 5 |  5.5
Translocations | 1 2 3 4 5 |  5.5
Transmutations | 1 2 3 4 5 |  5.5
Fire Magic     | 1 2 3 4 5 |  5.5
Ice Magic      | 1 2 3 4 5 |  5.5
Earth Magic    | 1 2 3 4 5 |  5.5
Poison Magic   | 1 2 3 4 5 |  5.5
Fighting       | 3 4 5 6 7 |  7.2
Shields        | 3 4 5 6 7 |  7.2
Long Blades    | 9 10 | 10.9
Air Magic      | 6 7 |  7.9

Action                   |  1- 3 |  4- 6 |  7- 9 | 10-12 || total
-------------------------+-------+-------+-------+-------++-------
Melee: Falchion          |    70 |   102 |    76 |       ||   248
       Bite              |     4 |     6 |    21 |    23 ||    54
       Scimitar          |       |       |   104 |   177 ||   281
 Fire: Sling             |       |    12 |       |       ||    12
Throw: Dart              |       |       |     9 |     2 ||    11
       Stone             |       |       |     1 |       ||     1
       Javelin           |       |       |       |     3 ||     3
 Cast: Shock             |       |    17 |       |       ||    17
       Swiftness         |       |       |     1 |     3 ||     4
Invok: Heroism           |       |       |       |     5 ||     5
Evoke: Wand              |       |       |     2 |     2 ||     4
  Use: Scroll            |       |    11 |     1 |    10 ||    22
       Potion            |       |     4 |     1 |     3 ||     8
 Stab: Sleeping          |     3 |     4 |    11 |     7 ||    25
Armor: Robe              |     8 |    10 |    18 |    38 ||    74
Dodge: Dodged            |    27 |    58 |    68 |   118 ||   271
Block: Buckler           |    10 |    22 |       |       ||    32
       Kite shield       |       |     9 |    92 |   176 ||   277
